Map: Rooftop Terrace

Players

Rugi - Winner!

  • Race: Terran Terran
  • League: Master
  • Spawn Location: 12:00

Loken - Winner!

  • Race: Protoss Protoss
  • League: Platinum
  • Spawn Location: 12:00

Myran - Winner!

  • Race: Protoss Protoss
  • Spawn Location: 1:00

Scaramanga

  • Race: Terran Terran
  • Spawn Location: 6:00

TimeTwist

  • Race: Terran Terran
  • Spawn Location: 6:00

FrogMint

  • Race: Zerg Zerg
  • Spawn Location: 5:00

VOD

Have the link to the VOD?

Description

Time

  • Played on: March 13, 2017, 6:56 p.m.
  • Length: 21:31
Show
View Real Time Build Order
Export as new Build Order

Rugi Terran - Winner!

Build Orders: Reaper Expand, Bio Mine 

Get SALT Encoding   

  12  0:00  SCV  
  13  0:13  SCV  
  14  0:18  Supply Depot  
  14  0:25  SCV  
  15  0:40  SCV  
  16  0:47  Barracks  
  16  0:52  SCV, Refinery  
  18  1:04  SCV  
  18  1:16  SCV  
  19  1:34  Orbital Command  
  19  1:35  Reaper  
  20  1:48  Command Center  
  20  1:54  Barracks  
  20  2:01  SCV  
  21  2:12  Barracks Reactor  
  21  2:14  SCV  
  22  2:25  Supply Depot  
  22  2:26  SCV  
  23  2:45  Factory  
  23  2:46  SCV  
  24  3:02  Marine x2  
  24  3:03  Barracks Tech Lab  
  24  3:04  SCV  
  27  3:06  Orbital Command  
  27  3:11  Refinery  
  27  3:21  Marine x2  
  29  3:33  Marine  
  30  3:34  SCV  
  30  3:36  Factory Reactor  
  30  3:37  SCV  
  30  3:38  Starport  
  30  3:40  Refinery  
  32  3:44  Marine x2  
  32  3:46  SCV  
  35  3:49  SCV  
  35  3:53  Marine  
  37  3:59  SCV, Stimpack, Supply Depot  
  37  4:01  SCV  
  39  4:05  Marine  
  39  4:06  Marine  
  41  4:11  SCV  
  41  4:14  SCV  
  43  4:23  SCV  
  44  4:26  SCV  
  44  4:30  Command Center  
  45  4:35  Marine  
  45  4:36  Marine x2  
  48  4:39  Medivac  
  48  4:42  Supply Depot  
  48  4:44  SCV  
  51  4:46  Supply Depot  
  51  4:47  Medivac  
  51  4:50  SCV  
  54  5:00  Engineering Bay  
  54  5:03  Engineering Bay  
  54  5:04  SCV, Marine x3  
  58  5:14  SCV  
  58  5:16  SCV  
  60  5:35  Marine x3  
  62  5:36  SCV  
  62  5:38  Missile Turret  
  62  5:40  Missile Turret  
  62  5:41  SCV  
  65  5:45  Missile Turret  
  65  5:46  Orbital Command  
  65  5:48  SCV  
  66  5:53  SCV  
  67  6:02  Marine x3  
  71  6:04  SCV, Barracks  
  71  6:08  Barracks  
  71  6:09  SCV, Barracks  
  72  6:11  Engineering Bay  
  72  6:12  Engineering Bay  
  72  6:18  Terran Infantry Armor Level 1, Terran Infantry Weapons Level 1  
  72  6:21  Armory  
  68  6:55  Marine x2  
  68  6:57  Barracks Reactor x2  
  71  7:02  SCV  
  71  7:03  SCV  
  71  7:04  Barracks Reactor  
  71  7:05  Combat Shields  
  71  7:06  Factory Reactor  
  71  7:07  Medivac x2  
  76  7:08  SCV  
  76  7:14  Supply Depot  
  76  7:15  SCV x2  
  79  7:16  Supply Depot x2  
  79  7:19  Marine x3, Supply Depot  
  79  7:20  SCV, Supply Depot  
  83  7:24  Refinery  
  83  7:27  SCV x2  
  85  7:35  Missile Turret  
  85  7:36  SCV  
  86  7:39  SCV x2, Marine x3  
  86  7:40  Marauder, Marine x5  
  86  7:41  Missile Turret  
  98  7:54  Bunker, Missile Turret  
  98  7:56  Missile Turret  
  98  7:57  Marine x3  
  101  8:00  Missile Turret x2, SCV  
  101  8:02  Marauder, Missile Turret, Marine x4  
  101  8:03  Marine  
  101  8:04  Missile Turret  
  109  8:06  SCV x2  
  111  8:15  Marine x2  
  113  8:23  Marauder  
  115  8:28  Marine  
  115  8:29  Marine x3  
  119  8:36  Marine x4  
  123  8:44  Marine  
  123  8:46  Marine  
  125  8:53  Widow Mine x2, SCV x2, Marine, Medivac x2  
  127  9:09  Marine x4  
  110  9:10  Marauder, Marine  
  105  9:29  Marine x4  
  105  9:30  Marine  
  112  9:31  Marauder  
  112  9:36  Terran Infantry Weapons Level 2, Terran Infantry Armor Level 2  
  112  9:38  Marine x3  
  115  9:49  Refinery  
  115  9:50  Refinery  
  117  9:52  Supply Depot  
  117  9:53  Marauder, Supply Depot  
  117  9:54  Supply Depot  
  117  9:55  Marine x2  
  117  9:56  Marine x3  
  117  9:58  Marine x3  
  125  10:03  Medivac x2  
  129  10:11  Starport  
  129  10:12  SCV  
  129  10:13  Marine  
  129  10:14  Marauder, Factory  
  133  10:15  Supply Depot, Factory Reactor  
  133  10:16  Supply Depot  
  133  10:17  Marine x2, Supply Depot  
  133  10:18  Marine x4  
  133  10:20  Ghost Academy  
  139  10:25  Marine  
  140  10:30  Liberator x2  
  140  10:31  Liberator  
  140  10:32  Liberator  
  142  10:35  Marauder  
  142  10:36  Marine x2  
  142  10:37  Marine x5  
  142  10:38  Supply Depot  
  149  10:42  Marine  
  162  10:52  Widow Mine x2  
  168  10:57  Marauder  
  168  11:16  Marine x3  
  168  11:17  Liberator x2, Marine x5  
  178  11:18  Marauder  
  178  11:30  Factory Tech Lab  
  178  11:31  Widow Mine x2  
  182  11:34  Marine x3  
  182  11:35  Medivac x2  
  182  11:36  SCV x2  
  182  11:38  Personal Cloaking  
  197  11:43  Supply Depot  
  197  11:44  Supply Depot  
  197  11:55  Command Center  
  197  12:05  Command Center  
  197  12:08  Marine  
  197  12:09  Marauder  
  197  12:10  Command Center  
  197  12:11  Command Center  
  193  12:28  Marine x3  
  193  12:29  Marine x5  
  164  12:30  Marauder  
  117  12:46  Marine x4  
  117  12:47  Marine x4  
  97  12:51  Marauder  
  97  13:00  Widow Mine  
  97  13:01  Widow Mine x2  
  97  13:02  Medivac  
  97  13:03  Medivac x2  
  97  13:04  Marine x5, Medivac  
  116  13:05  Drilling Claws  
  116  13:08  Terran Infantry Weapons Level 3, Terran Infantry Armor Level 3  
  118  13:13  Marauder  
  118  13:15  Planetary Fortress  
  118  13:17  Missile Turret  
  118  13:18  SCV x2  
  118  13:19  SCV  
  121  13:30  Planetary Fortress x2  
  119  13:41  Marine x3  
  119  13:42  Marine  
  119  13:43  Liberator  
  119  13:44  Liberator, Marine  
  119  13:45  Marauder, Marine x3  
  128  13:59  Marine x2  
  128  14:01  Medivac x2  
  128  14:02  Marine x2  
  141  14:03  Widow Mine x2, Marine  
  141  14:07  Marauder  
  139  14:22  Marine x2  
  137  14:25  Planetary Fortress  
  137  14:27  SCV x3  
  137  14:28  Marauder  
  140  14:31  Medivac  
  140  14:35  Missile Turret  
  132  14:41  Marine x6  
  132  14:42  Marine x2  
  140  14:48  Missile Turret  
  140  14:49  Marauder  
  142  14:58  Marine  
  142  14:59  Marine  
  137  15:11  Marauder  
  104  15:16  Marine x2  
  104  15:17  Marine x6  
  105  15:25  Liberator x2  
  104  15:32  Marauder  
  104  15:34  Marine x4  
  104  15:35  Marine x4  
  113  15:40  Widow Mine x3  
  120  15:43  Medivac x2  
  128  15:50  Barracks  
  128  15:51  Barracks  
  128  15:52  Marine x4  
  128  15:53  Missile Turret  
  132  16:04  Marine x3  
  132  16:05  Marine  
  132  16:08  Widow Mine  
  132  16:09  Widow Mine  
  140  16:13  Marine, Medivac  
  140  16:14  Marauder, Liberator x2, Marine x3  
  148  16:22  Marine x2  
  152  16:44  Marine x2  
  152  16:45  Barracks Tech Lab x2  
  128  17:15  Marine  
  128  17:16  Marauder x2, Marine x7  
  128  17:17  Marauder  
  131  17:29  Liberator x2  
  117  17:33  Marine  
  117  17:34  Marine x6  
  122  17:38  Marauder x3  
  122  17:44  Marine  
  116  17:51  Marine x2  
  118  17:59  Marauder x3  
  121  18:06  Viking  
  121  18:07  Marine  
  121  18:08  Marine x5  
  126  18:25  Orbital Command  
  126  18:27  Marine x2  
  126  18:28  Marine x6  
  134  18:38  SCV x3  
  107  19:03  Marine x2  
  107  19:04  Marine x6  
  107  19:05  Marine  
  116  19:12  Missile Turret  
  116  19:15  Missile Turret  
  97  19:38  Marine x2  
  97  19:39  Marine x4  
  97  19:43  Marine x5  
  96  19:49  Medivac x4  
  87  19:56  Marine x2  
  89  20:00  Widow Mine x2  
  89  20:04  Refinery  
  89  20:05  Refinery  
  93  20:07  Refinery  
  93  20:08  Refinery  
  93  20:19  Liberator  
  96  20:43  Marine x8  
  96  20:44  Marine x3  
  107  21:00  Marine  
  107  21:01  Marine x5  
Show
View Real Time Build Order
Export as new Build Order

Loken Protoss - Winner!

Build Orders:  

Get SALT Encoding   

  12  0:01  Probe (Chrono Boost)  
  13  0:12  Probe (Chrono Boost)  
  14  0:22  Pylon  
  14  0:24  Probe (Chrono Boost)  
  15  0:40  Probe (Chrono Boost)  
  15  0:41  Pylon  
  16  0:48  Gateway  
  16  0:52  Probe (Chrono Boost)  
  17  1:04  Forge  
  17  1:13  Gateway  
  17  1:16  Probe (Chrono Boost)  
  18  1:33  Pylon  
  18  1:42  Photon Cannon  
  18  1:44  Photon Cannon  
  18  1:48  Probe (Chrono Boost)  
  19  1:57  Cybernetics Core  
  19  2:09  Assimilator  
  19  2:22  Pylon  
  19  2:23  Probe (Chrono Boost)  
  20  2:35  Assimilator  
  20  2:38  Probe (Chrono Boost)  
  20  2:42  Photon Cannon  
  21  2:45  Photon Cannon  
  21  2:48  Probe (Chrono Boost)  
  22  2:53  Warp Gate  
  22  2:59  Probe (Chrono Boost)  
  23  3:08  Photon Cannon  
  23  3:09  Probe (Chrono Boost)  
  20  3:20  Probe (Chrono Boost)  
  30  3:27  Stalker  
  21  3:30  Probe (Chrono Boost)  
  24  3:37  Stalker  
  24  3:41  Probe (Chrono Boost)  
  27  4:07  Nexus  
  27  4:28  Pylon  
  27  4:29  Probe (Chrono Boost)  
  28  4:32  Stalker  
  30  4:40  Probe (Chrono Boost)  
  30  4:41  Pylon  
  30  4:44  Stalker  
  33  4:50  Probe (Chrono Boost)  
  34  5:00  Photon Cannon  
  34  5:14  Assimilator  
  34  5:15  Probe (Chrono Boost)  
  34  5:16  Assimilator  
  35  5:25  Photon Cannon  
  35  5:26  Probe (Chrono Boost)  
  36  5:31  Probe (Chrono Boost)  
  37  5:36  Probe (Chrono Boost)  
  37  5:42  Probe (Chrono Boost)  
  39  5:50  Probe (Chrono Boost)  
  39  5:52  Probe (Chrono Boost)  
  41  6:01  Probe (Chrono Boost)  
  41  6:03  Probe (Chrono Boost)  
  43  6:12  Stargate  
  43  6:13  Stargate, Probe (Chrono Boost)  
  43  6:15  Stargate  
  44  6:19  Probe (Chrono Boost)  
  44  6:24  Probe (Chrono Boost)  
  46  6:30  Probe (Chrono Boost)  
  46  6:32  Stalker  
  49  6:33  Stalker  
  51  6:42  Photon Cannon  
  51  6:45  Probe (Chrono Boost)  
  52  6:55  Probe (Chrono Boost)  
  53  7:02  Fleet Beacon  
  53  7:06  Probe (Chrono Boost)  
  53  7:07  Probe (Chrono Boost)  
  55  7:17  Probe (Chrono Boost)  
  56  7:44  Void Ray  
  56  7:45  Void Ray x2  
  68  7:54  Stalker x2  
  72  8:08  Pylon  
  72  8:10  Pylon  
  72  8:27  Void Ray x2  
  72  8:29  Void Ray  
  84  8:45  Nexus  
  84  8:54  Pylon  
  84  9:03  Pylon  
  84  9:10  Void Ray x2  
  92  9:18  Void Ray  
  96  9:34  Photon Cannon  
  96  9:36  Photon Cannon  
  83  10:08  Photon Cannon x2  
  83  10:13  Photon Cannon  
  83  10:19  Photon Cannon  
  83  10:22  Photon Cannon  
  83  10:26  Photon Cannon  
  83  10:27  Photon Cannon  
  83  10:31  Pylon, Probe x2 (Chrono Boost)  
  83  10:32  Probe (Chrono Boost)  
  86  10:42  Probe x2 (Chrono Boost)  
  88  10:46  Probe (Chrono Boost)  
  89  10:52  Probe (Chrono Boost)  
  90  11:10  Void Ray  
  94  11:12  Void Ray  
  94  11:14  Protoss Air Armor Level 1  
  98  11:22  Void Ray  
  102  11:36  Probe (Chrono Boost)  
  103  11:43  Probe (Chrono Boost)  
  103  11:46  Probe (Chrono Boost)  
  106  11:54  Probe (Chrono Boost)  
  106  11:57  Probe x2 (Chrono Boost)  
  108  12:04  Probe (Chrono Boost)  
  108  12:08  Probe (Chrono Boost)  
  111  12:09  Probe (Chrono Boost)  
  111  12:21  Probe (Chrono Boost)  
  112  12:23  Void Ray x3  
  124  12:40  Nexus  
  124  12:43  Probe (Chrono Boost)  
  125  12:50  Assimilator  
  125  12:52  Assimilator  
  125  12:54  Probe x2 (Chrono Boost)  
  125  12:55  Probe (Chrono Boost)  
  128  13:04  Probe x2 (Chrono Boost)  
  130  13:08  Probe (Chrono Boost)  
  131  13:14  Pylon  
  131  13:15  Probe (Chrono Boost)  
  131  13:16  Pylon  
  131  13:19  Pylon  
  133  13:20  Probe (Chrono Boost)  
  133  13:22  Pylon  
  133  13:26  Void Ray x2  
  133  13:28  Void Ray  
  145  13:47  Assimilator  
  145  13:49  Assimilator  
  145  13:51  Pylon  
  145  13:52  Pylon  
  145  13:55  Pylon, Probe (Chrono Boost)  
  149  13:56  Probe x2 (Chrono Boost)  
  149  13:57  Probe (Chrono Boost)  
  149  13:59  Pylon  
  149  14:01  Pylon  
  149  14:04  Pylon  
  149  14:06  Probe (Chrono Boost)  
  149  14:08  Probe (Chrono Boost)  
  149  14:09  Probe x2 (Chrono Boost)  
  153  14:16  Probe (Chrono Boost)  
  154  14:17  Void Ray  
  154  14:18  Void Ray  
  154  14:20  Probe (Chrono Boost)  
  154  14:21  Probe x2 (Chrono Boost)  
  154  14:22  Void Ray  
  157  14:34  Protoss Air Weapons Level 1  
  101  14:54  Void Ray  
  101  14:55  Stalker x2, Void Ray  
  101  14:59  Void Ray  
  117  15:32  Void Ray x2  
  117  15:37  Void Ray  
  129  15:50  Pylon  
  129  15:51  Pylon  
  129  15:57  Stargate  
  129  15:59  Stargate  
  129  16:00  Stargate  
  129  16:02  Probe (Chrono Boost)  
  129  16:03  Probe x3 (Chrono Boost)  
  133  16:09  Void Ray  
  133  16:10  Void Ray  
  133  16:14  Void Ray  
  145  16:40  Fleet Beacon  
  145  16:43  Void Ray x3  
  145  16:46  Void Ray  
  157  16:47  Void Ray  
  157  16:51  Void Ray  
  169  17:28  Protoss Air Weapons Level 2  
  161  17:49  Tempest x2  
  161  17:54  Tempest  
  161  17:55  Tempest x2  
  161  17:56  Tempest  
  197  19:17  Nexus  
  197  19:23  Nexus  
  125  20:25  Tempest x2  
  125  20:30  Tempest  
  125  20:31  Tempest x3  
Show
View Real Time Build Order
Export as new Build Order

Myran Protoss - Winner!

Build Orders:  

Get SALT Encoding   

  12  0:02  Probe (Chrono Boost)  
  13  0:13  Probe (Chrono Boost)  
  14  0:25  Probe (Chrono Boost)  
  14  0:26  Pylon  
  15  0:44  Probe (Chrono Boost)  
  16  0:54  Gateway  
  16  0:55  Probe (Chrono Boost)  
  17  1:05  Probe (Chrono Boost)  
  17  1:10  Pylon  
  18  1:16  Probe (Chrono Boost)  
  19  1:30  Forge, Pylon  
  19  1:34  Probe (Chrono Boost)  
  20  1:45  Probe (Chrono Boost)  
  20  1:46  Zealot  
  23  2:04  Probe (Chrono Boost)  
  23  2:07  Nexus  
  24  2:10  Cybernetics Core  
  24  2:14  Probe (Chrono Boost)  
  25  2:25  Probe (Chrono Boost)  
  26  2:32  Assimilator  
  26  2:34  Zealot  
  26  2:36  Probe (Chrono Boost)  
  29  2:38  Assimilator  
  29  2:46  Probe (Chrono Boost)  
  29  2:48  Photon Cannon  
  30  2:57  Probe (Chrono Boost)  
  31  3:01  Zealot  
  31  3:03  Warp Gate  
  33  3:07  Probe (Chrono Boost)  
  34  3:17  Gateway  
  34  3:18  Probe (Chrono Boost)  
  35  3:23  Probe (Chrono Boost)  
  36  3:30  Probe (Chrono Boost)  
  36  3:33  Probe (Chrono Boost)  
  38  3:37  Pylon  
  38  3:41  Probe (Chrono Boost)  
  39  3:44  Probe (Chrono Boost)  
  39  3:45  Assimilator  
  40  3:49  Assimilator  
  40  3:50  Stalker  
  40  3:54  Probe (Chrono Boost)  
  43  4:00  Probe (Chrono Boost)  
  44  4:04  Stargate  
  44  4:05  Probe (Chrono Boost)  
  45  4:15  Probe (Chrono Boost)  
  46  4:21  Probe (Chrono Boost)  
  47  4:26  Probe (Chrono Boost)  
  48  4:33  Stargate, Probe (Chrono Boost)  
  48  4:36  Probe (Chrono Boost)  
  51  4:45  Probe (Chrono Boost)  
  51  4:47  Probe (Chrono Boost)  
  52  4:53  Void Ray  
  52  4:59  Probe (Chrono Boost)  
  43  5:23  Void Ray  
  47  5:29  Photon Cannon  
  47  5:40  Void Ray  
  51  5:49  Nexus  
  51  5:55  Pylon  
  37  6:20  Photon Cannon  
  37  6:25  Probe (Chrono Boost)  
  36  6:29  Probe (Chrono Boost)  
  36  6:31  Pylon  
  37  6:35  Probe (Chrono Boost)  
  39  6:41  Probe (Chrono Boost)  
  39  6:46  Probe (Chrono Boost)  
  40  6:53  Probe (Chrono Boost)  
  40  7:05  Photon Cannon  
  41  7:09  Probe (Chrono Boost)  
  41  7:10  Probe (Chrono Boost)  
  41  7:14  Probe (Chrono Boost)  
  43  7:21  Probe (Chrono Boost)  
  44  7:24  Probe (Chrono Boost)  
  43  7:33  Probe (Chrono Boost)  
  45  7:45  Probe (Chrono Boost)  
  45  7:49  Pylon, Probe (Chrono Boost)  
  46  7:57  Probe (Chrono Boost)  
  45  8:00  Probe (Chrono Boost)  
  45  8:03  Photon Cannon  
  46  8:05  Void Ray  
  46  8:06  Void Ray  
  46  8:10  Probe (Chrono Boost)  
  43  8:34  Protoss Air Weapons Level 1  
  43  8:38  Stargate  
  43  8:40  Probe (Chrono Boost)  
  44  8:47  Probe (Chrono Boost)  
  45  8:51  Probe (Chrono Boost)  
  45  8:53  Phoenix x2  
  50  8:59  Probe (Chrono Boost)  
  51  9:03  Pylon  
  51  9:05  Probe (Chrono Boost)  
  52  9:11  Probe (Chrono Boost)  
  53  9:23  Probe (Chrono Boost)  
  54  9:28  Phoenix x2  
  58  9:35  Void Ray  
  58  9:36  Probe (Chrono Boost)  
  63  9:48  Nexus  
  63  9:49  Photon Cannon  
  63  9:54  Pylon  
  63  9:58  Void Ray  
  67  10:10  Void Ray  
  71  10:16  Photon Cannon  
  71  10:23  Pylon  
  71  10:27  Void Ray  
  75  10:47  Photon Cannon  
  58  11:18  Probe (Chrono Boost)  
  59  11:23  Phoenix x2  
  59  11:24  Phoenix  
  65  11:28  Probe (Chrono Boost)  
  65  11:29  Probe (Chrono Boost)  
  67  11:37  Probe (Chrono Boost)  
  67  11:39  Probe (Chrono Boost)  
  69  11:40  Probe (Chrono Boost)  
  68  11:49  Probe (Chrono Boost)  
  68  11:50  Probe (Chrono Boost)  
  64  12:00  Phoenix x2  
  64  12:01  Probe (Chrono Boost)  
  69  12:08  Probe (Chrono Boost)  
  70  12:11  Probe (Chrono Boost)  
  70  12:15  Probe (Chrono Boost)  
  72  12:19  Probe (Chrono Boost)  
  72  12:21  Phoenix  
  72  12:22  Probe (Chrono Boost)  
  76  12:27  Probe (Chrono Boost)  
  76  12:29  Probe (Chrono Boost)  
  78  12:37  Void Ray  
  80  13:06  Fleet Beacon  
  80  13:17  Void Ray x2  
  80  13:19  Photon Cannon  
  88  13:20  Phoenix  
  90  13:51  Anion Pulse-Crystals  
  90  13:55  Phoenix  
  90  14:00  Phoenix  
  94  14:13  Protoss Air Weapons Level 2  
  94  14:27  Phoenix  
  96  14:48  Graviton Catapult  
  52  15:25  Phoenix x3  
  54  15:50  Phoenix  
  54  15:53  Assimilator  
  54  15:54  Probe x2 (Chrono Boost)  
  54  15:56  Assimilator  
  58  16:05  Probe (Chrono Boost)  
  58  16:06  Carrier, Probe (Chrono Boost)  
  66  16:15  Protoss Air Armor Level 1  
  67  16:18  Probe (Chrono Boost)  
  67  16:24  Phoenix  
  69  16:30  Probe (Chrono Boost)  
  70  16:39  Phoenix  
  72  16:53  Phoenix  
  74  17:29  Phoenix  
  72  17:30  Phoenix  
  72  17:32  Phoenix  
  72  17:54  Phoenix  
  72  17:55  Phoenix, Protoss Air Armor Level 2  
  76  18:36  Phoenix  
  76  18:37  Phoenix  
  80  19:05  Phoenix x3  
  86  19:30  Phoenix  
  88  20:03  Phoenix  
  90  20:24  Phoenix  
  92  20:37  Phoenix  
  90  20:53  Nexus  
Show
View Real Time Build Order
Export as new Build Order

Scaramanga Terran 

Build Orders: MMM Bio 

Get SALT Encoding   

  12  0:01  SCV  
  13  0:13  SCV  
  14  0:18  Supply Depot  
  14  0:25  SCV  
  15  0:39  SCV  
  15  0:41  Barracks  
  16  0:46  Refinery  
  16  0:52  SCV  
  17  1:04  SCV  
  18  1:16  SCV  
  19  1:19  Barracks  
  19  1:28  Reaper  
  19  1:30  Orbital Command  
  20  1:40  Supply Depot  
  20  1:56  Barracks  
  20  1:57  SCV  
  21  2:02  Reaper  
  21  2:06  Reaper  
  23  2:09  SCV  
  23  2:13  Refinery  
  24  2:34  Marine  
  25  2:38  Marine  
  25  2:42  Command Center  
  26  2:46  SCV  
  27  2:52  Barracks Reactor  
  27  2:54  Barracks Tech Lab  
  27  2:56  Barracks Reactor  
  27  2:58  SCV  
  28  3:10  SCV  
  28  3:21  Concussive Shells  
  28  3:22  Marauder, SCV  
  28  3:26  Marine  
  31  3:27  Supply Depot  
  30  3:34  SCV  
  31  3:48  Marine x3  
  31  3:49  SCV  
  35  3:57  Engineering Bay  
  35  4:00  Orbital Command  
  35  4:01  SCV  
  36  4:06  Engineering Bay  
  36  4:10  Combat Shields  
  36  4:12  Factory  
  36  4:13  SCV, Marine x2  
  36  4:14  Marine  
  40  4:25  SCV  
  40  4:27  SCV  
  42  4:35  Marine, Barracks Tech Lab  
  42  4:36  Marauder  
  42  4:37  SCV  
  46  4:39  SCV, Terran Infantry Weapons Level 1  
  46  4:43  Terran Infantry Armor Level 1  
  47  4:49  SCV, Supply Depot  
  47  4:52  SCV  
  49  4:57  Marine x2  
  49  4:58  Marauder  
  53  5:03  SCV  
  54  5:09  Refinery  
  54  5:11  SCV  
  54  5:12  Starport  
  54  5:13  Factory Reactor  
  55  5:15  SCV  
  55  5:18  Stimpack  
  56  5:23  SCV, Missile Turret  
  56  5:27  SCV  
  58  5:35  SCV  
  59  5:39  SCV, Refinery  
  59  5:41  Command Center  
  60  5:47  SCV  
  61  5:51  SCV  
  61  5:56  Factory Tech Lab  
  62  6:08  Supply Depot  
  62  6:13  Supply Depot  
  62  6:15  SCV x2, Medivac x2  
  68  6:27  SCV  
  68  6:28  Armory  
  69  6:33  SCV  
  69  6:39  SCV  
  71  6:40  Hi-Sec Auto Tracking  
  71  6:44  Marine x3  
  71  6:45  SCV, Marine  
  76  6:51  SCV  
  59  6:54  Orbital Command  
  77  6:56  Missile Turret  
  77  6:57  SCV  
  78  7:02  Marine  
  78  7:03  SCV  
  78  7:05  Marine  
  78  7:06  Marauder x2  
  78  7:07  Medivac, Siege Tank  
  78  7:08  Medivac  
  92  7:09  SCV  
  93  7:15  SCV  
  93  7:17  Missile Turret  
  93  7:20  Marine  
  93  7:21  SCV  
  96  7:23  Marine  
  96  7:27  Marauder x2  
  101  7:36  Supply Depot  
  101  7:38  Supply Depot  
  101  7:40  Supply Depot  
  101  7:51  Refinery  
  101  7:57  SCV x2, Marine  
  101  7:58  SCV  
  105  8:00  Marine x2  
  105  8:01  Marauder  
  109  8:10  SCV x3, Terran Ship Weapons Level 1  
  109  8:12  Terran Infantry Weapons Level 2, Terran Infantry Armor Level 2  
  112  8:22  SCV  
  112  8:27  Barracks x3  
  113  8:31  Command Center  
  113  8:46  Refinery  
  113  8:52  Missile Turret  
  113  8:53  Missile Turret  
  113  9:03  SCV x2  
  115  9:12  Sensor Tower  
  115  9:14  Command Center  
  115  9:20  SCV x2  
  115  9:21  SCV  
  118  9:27  Viking x2  
  122  9:35  Barracks Reactor, Barracks Tech Lab x2  
  102  9:57  Viking x2  
  106  10:05  Terran Vehicle And Ship Armor Level 1  
  106  10:28  Planetary Fortress  
  106  10:33  Command Center  
  106  10:42  Terran Infantry Weapons Level 3  
  106  10:43  Terran Infantry Armor Level 3  
  106  10:45  Medivac x2  
  110  11:10  Refinery  
  110  11:14  Refinery  
  110  11:15  Medivac x2  
  114  11:32  Starport  
  114  11:38  Factory  
  114  11:49  Viking x2  
  114  11:53  Planetary Fortress  
  118  12:09  Marine x2  
  118  12:10  Marauder x4, Marine x2  
  130  12:19  Viking x2  
  134  12:25  Refinery  
  134  12:27  Marine x3  
  134  12:28  Marine  
  138  12:31  Marauder x3, Marine  
  145  12:43  Refinery  
  144  12:45  Marine x4  
  144  12:49  Marine  
  149  12:52  Marine x2  
  149  12:53  Marauder  
  153  13:02  Marine, Starport Tech Lab  
  153  13:03  Marine x2  
  153  13:04  Terran Ship Weapons Level 2  
  156  13:07  Marauder  
  156  13:10  Marauder  
  160  13:23  Fusion Core  
  160  13:43  Command Center  
  109  14:54  Viking x3  
  109  14:55  Marine x2  
  109  14:56  Marine x3  
  114  15:14  Marine  
  114  15:15  Marauder x2, Marine x3  
  114  15:16  Marauder x2  
  114  15:19  Terran Vehicle And Ship Armor Level 2  
  124  15:24  Viking x3  
  130  15:32  Marine x2  
  130  15:33  Marine x2  
  134  15:36  Marauder  
  134  15:37  Marauder x3  
  142  15:50  Marine x3  
  142  15:51  Marine  
  142  15:54  Viking x2, Battlecruiser  
  156  15:58  Marauder x3  
  156  15:59  Marauder  
  164  16:07  Weapon Refit  
  164  16:08  Marine  
  165  16:19  Marauder x2  
  165  16:20  Marauder x2  
  165  16:24  Viking x2  
  177  16:28  Marine  
  177  16:29  Marine x3  
  181  16:41  Marauder x2  
  185  16:52  Marine  
  185  16:53  Marine  
  185  16:54  Viking x2, Marauder x2, Marine x2  
  193  16:58  Viking  
  159  17:02  Marauder x2  
  86  17:24  Viking  
  79  17:30  Marine x5  
  79  17:31  Marine x3  
  79  17:36  Terran Ship Weapons Level 3  
  83  17:40  Viking x2  
  83  17:43  Thor  
  93  17:45  Factory Tech Lab  
  93  17:52  Orbital Command  
  93  17:54  Viking  
  95  18:08  Missile Turret  
  95  18:10  Viking  
  97  18:13  Thor  
  97  18:14  Marine  
  97  18:15  Marine x7  
  97  18:18  Viking  
  113  18:24  Viking  
  113  18:25  Thor  
  118  18:32  Marine  
  118  18:33  Marauder, Marine x2  
  118  18:34  Marauder x3  
  129  18:40  Viking  
  131  18:48  Battlecruiser  
  131  18:54  Medivac  
  131  18:55  Marauder x4  
  147  18:56  Thor  
  147  19:01  Marine  
  147  19:02  Marine x3  
  153  19:08  Thor  
  159  19:10  Medivac  
  159  19:16  Marauder x4  
  169  19:18  Refinery  
  169  19:19  Marine x2  
  169  19:20  Marine  
  172  19:24  Refinery  
  172  19:35  Viking  
  172  19:38  Marauder x4  
  173  19:40  Viking  
  152  19:48  Orbital Command  
  152  19:52  Viking  
  146  20:05  Viking  
  144  20:10  Viking  
  83  20:22  Viking  
  77  20:35  Viking  
Show
View Real Time Build Order
Export as new Build Order

TimeTwist Terran 

Build Orders: Mech 

Get SALT Encoding   

  12  0:01  SCV  
  13  0:13  SCV  
  14  0:20  Supply Depot  
  14  0:25  SCV  
  15  0:42  SCV  
  16  0:43  Barracks  
  16  0:51  Refinery  
  16  0:54  SCV  
  17  1:06  SCV  
  19  1:18  SCV  
  19  1:25  Supply Depot  
  19  1:31  Marine  
  20  1:34  Orbital Command  
  20  1:35  Refinery  
  20  1:49  Marine  
  20  1:53  Factory  
  21  2:00  SCV  
  22  2:06  Marine  
  23  2:12  SCV  
  24  2:24  SCV  
  25  2:32  Command Center  
  24  2:39  SCV  
  24  2:44  Widow Mine, Starport  
  27  2:51  SCV  
  27  2:57  Barracks  
  28  3:10  SCV  
  29  3:17  Widow Mine  
  31  3:27  Supply Depot  
  31  3:34  Barracks  
  31  3:43  Orbital Command, SCV, Medivac  
  34  3:49  Widow Mine  
  37  3:55  SCV  
  37  4:07  SCV  
  37  4:08  Engineering Bay  
  38  4:10  SCV  
  39  4:19  SCV  
  39  4:22  SCV  
  41  4:28  Supply Depot, Barracks Tech Lab  
  41  4:30  Starport Reactor  
  41  4:35  Cyclone  
  41  4:36  SCV  
  41  4:37  SCV  
  46  4:48  SCV  
  46  4:49  SCV, Missile Turret  
  46  4:50  Missile Turret  
  48  4:55  Refinery  
  48  4:56  Refinery  
  48  5:00  SCV  
  48  5:01  SCV  
  50  5:20  Marine x2  
  54  5:21  Marauder  
  52  5:38  Marine x2  
  56  5:43  Marauder  
  56  5:58  Marine x2  
  56  5:59  Combat Shields  
  56  6:02  Cyclone  
  59  6:08  Factory  
  59  6:10  Barracks  
  59  6:13  Barracks  
  59  6:17  Supply Depot  
  59  6:18  Supply Depot  
  59  6:19  Factory  
  59  6:20  SCV x2  
  61  6:32  SCV  
  62  6:38  SCV  
  63  6:40  Supply Depot  
  63  6:41  Supply Depot  
  63  6:44  SCV  
  63  6:45  Factory Tech Lab  
  64  6:51  Viking, SCV  
  64  6:52  Viking  
  67  6:59  Marauder, Marine x2  
  67  7:00  Marine x2  
  73  7:07  Factory Tech Lab  
  73  7:09  Siege Tank  
  73  7:10  Cyclone  
  73  7:12  SCV  
  73  7:13  SCV  
  81  7:18  Concussive Shells  
  81  7:25  SCV  
  82  7:38  Command Center  
  82  7:40  Viking x2  
  82  7:43  Factory Reactor  
  84  7:45  Marauder, Marine x2  
  84  7:47  Barracks Tech Lab  
  84  7:49  Marine  
  89  7:53  Siege Tank  
  92  8:09  Marauder  
  94  8:14  Supply Depot  
  94  8:16  Supply Depot  
  94  8:21  Armory  
  94  8:25  Starport  
  94  8:36  Viking, Marauder, Marine x3  
  101  8:47  Viking  
  103  8:51  Missile Turret  
  103  9:06  Viking  
  103  9:09  Armory  
  105  9:14  Command Center  
  105  9:17  Viking  
  107  9:29  Cyclone  
  110  9:35  Supply Depot  
  110  9:36  Supply Depot  
  110  9:41  Terran Vehicle And Ship Armor Level 1  
  110  9:56  Thor  
  110  9:57  Viking  
  110  9:58  Viking, Cyclone, Starport Reactor  
  123  10:03  Supply Depot  
  123  10:05  Supply Depot  
  123  10:08  Supply Depot  
  123  10:09  SCV  
  124  10:21  SCV  
  124  10:22  Marine  
  124  10:24  Marauder x2, Marine x2  
  124  10:25  Thor, Supply Depot  
  124  10:26  Stimpack  
  138  10:28  Supply Depot  
  138  10:29  Medivac x2  
  142  10:38  Sensor Tower  
  142  10:40  Marine  
  142  10:41  Orbital Command  
  143  10:44  Refinery  
  143  10:46  Refinery  
  143  10:59  Missile Turret  
  143  11:08  Siege Tank  
  143  11:10  Cyclone x2  
  152  11:11  Siege Tank  
  155  11:19  Missile Turret  
  155  11:21  SCV x2  
  155  11:23  SCV  
  158  11:32  Medivac x3  
  164  11:33  SCV x2  
  164  11:35  SCV  
  167  11:40  Thor  
  167  11:43  Thor  
  163  11:57  Viking  
  163  12:00  Terran Vehicle And Ship Armor Level 2  
  165  12:02  Viking x2, Terran Ship Weapons Level 1  
  165  12:05  Marine x3  
  165  12:07  Marauder x2  
  81  12:45  Marauder x2, Marine x3  
  81  12:47  Viking x3  
  81  12:48  Viking  
  87  13:03  Marine x2  
  89  13:06  Marauder  
  89  13:11  Siege Tank x2  
  97  13:13  Cyclone x2  
  97  13:17  Viking x2  
  97  13:18  Marauder, Marine  
  110  13:20  Marine  
  110  13:21  Marine  
  112  13:28  Marauder, Ghost Academy  
  112  13:29  Viking, Command Center  
  112  13:32  Viking  
  118  13:36  Marine  
  118  13:40  Marauder  
  117  13:45  Marine x2  
  117  13:47  Viking  
  121  13:49  Marauder  
  121  13:54  Marine  
  124  13:59  Siege Tank x2  
  124  14:00  Cyclone  
  124  14:01  Marauder, Cyclone  
  138  14:21  Marauder, Marine x2  
  138  14:22  Marauder, Marine  
  145  14:25  Viking  
  145  14:31  Siege Tank x2  
  150  14:39  Marine x2  
  150  14:44  Cyclone x2  
  149  15:03  Hellion  
  132  15:22  Marauder x2  
  134  15:29  Viking x2  
  134  15:30  Viking  
  140  15:44  Marauder  
  140  15:49  Missile Turret  
  142  15:50  Orbital Command  
  142  16:07  Refinery  
  142  16:08  Viking  
  144  16:18  Refinery  
  144  16:20  Terran Vehicle And Ship Armor Level 3  
  144  16:22  Terran Ship Weapons Level 2  
  144  16:46  Siege Tank x2  
  150  16:50  Personal Cloaking  
  142  17:29  Medivac  
  148  17:30  Medivac x3  
  134  17:49  Marine x3  
  134  17:50  Marine x2  
  139  17:59  Viking, Medivac  
  139  18:00  Viking x2  
  145  18:07  Siege Tank x2  
  145  18:08  Marauder x2, Cyclone x2  
  155  18:29  Marauder  
  157  18:38  Marine  
  157  18:39  Marine x3  
  161  18:45  Viking x3  
  167  18:50  Ghost  
  112  18:56  Ghost, Marine  
  101  19:07  Thor x2  
  113  19:10  Viking  
  113  19:12  Nuke  
  113  19:15  Viking  
  114  19:18  Ghost  
  71  20:51  Viking x4  
Show
View Real Time Build Order
Export as new Build Order

FrogMint Zerg 

Build Orders: Pool First, Muta Ling Bane 

Get SALT Encoding   

  12  0:01  Drone  
  13  0:12  Overlord  
  13  0:17  Drone  
  14  0:31  Drone x2  
  14  0:35  Drone  
  17  0:50  Extractor  
  17  0:51  Drone  
  17  0:56  Spawning Pool  
  16  0:58  Drone  
  17  1:07  Drone  
  18  1:17  Drone  
  19  1:32  Hatchery  
  18  1:33  Drone  
  19  1:41  Overlord  
  19  1:48  Queen  
  21  1:55  Metabolic Boost  
  21  1:59  Zergling x2  
  22  2:09  Zergling x2  
  22  2:13  Drone  
  22  2:14  Baneling Nest  
  22  2:26  Drone  
  23  2:32  Drone  
  23  3:03  Zergling x4  
  23  3:04  Drone x3  
  27  3:07  Lair  
  27  3:11  Queen  
  29  3:13  Drone x3  
  29  3:16  Zergling x2  
  33  3:32  Zergling x2  
  33  3:33  Zergling x2  
  35  3:41  Drone  
  36  3:43  Overlord x3  
  36  4:13  Zergling x2  
  36  4:14  Zergling x10  
  41  4:21  Drone x2  
  41  4:22  Drone  
  44  4:26  Drone  
  44  4:30  Spire  
  44  4:33  Baneling  
  44  4:34  Baneling x2  
  44  4:40  Extractor  
  44  4:42  Extractor  
  42  4:45  Extractor  
  42  4:48  Drone x3  
  42  4:49  Drone  
  46  4:52  Drone  
  46  4:53  Drone x4  
  46  4:55  Overlord  
  50  5:11  Drone x3  
  53  5:17  Overlord x3  
  53  5:29  Overseer  
  53  5:43  Drone x7  
  53  5:47  Drone x3  
  63  5:58  Mutalisk  
  63  5:59  Mutalisk x4  
  73  6:07  Overseer  
  73  6:09  Baneling x3  
  73  6:10  Baneling x2  
  73  6:27  Centrifical Hooks  
  63  6:49  Mutalisk  
  63  6:50  Mutalisk x2  
  66  7:07  Mutalisk  
  68  7:08  Mutalisk  
  70  7:27  Mutalisk  
  70  7:28  Mutalisk  
  74  7:42  Hatchery  
  73  7:58  Mutalisk  
  73  7:59  Mutalisk x2  
  79  8:06  Mutalisk  
  81  8:26  Mutalisk x2  
  79  8:35  Mutalisk  
  81  8:45  Hatchery  
  81  8:48  Hatchery  
  70  9:38  Hatchery  
  70  9:39  Mutalisk x3  
  70  9:42  Overlord x5  
  73  10:17  Mutalisk  
  73  10:18  Mutalisk x5  
  85  10:28  Drone x5  
  89  10:29  Drone  
  89  10:31  Drone x4, Overlord  
  89  10:34  Zergling x12  
  91  11:15  Mutalisk x8  
  105  11:28  Mutalisk  
  105  11:29  Mutalisk  
  109  11:33  Drone x10  
  119  11:41  Extractor  
  119  11:44  Spore Crawler  
  119  11:46  Extractor  
  116  11:47  Spore Crawler  
  116  11:49  Zergling x8  
  119  11:55  Overlord x4  
  119  12:14  Zergling x2  
  119  12:15  Zergling x10  
  107  12:36  Baneling x4  
  103  12:37  Baneling x3  
  103  12:38  Baneling  
  103  12:42  Zergling x14  
  103  12:43  Zergling x18  
  113  13:01  Zergling x2  
  113  13:02  Zergling x12  
  120  13:12  Evolution Chamber  
  120  13:13  Evolution Chamber  
  118  13:23  Mutalisk x2, Drone  
  123  13:32  Zergling x10  
  124  13:52  Baneling x2  
  124  13:53  Baneling x6  
  124  13:54  Baneling x6  
  122  14:17  Mutalisk x3  
  124  14:30  Mutalisk  
  126  14:32  Zergling x24  
  126  14:33  Zergling x2  
  119  15:11  Mutalisk  
  119  15:12  Zergling x2  
  119  15:13  Zergling x20  
  85  15:25  Drone x3  
  73  15:55  Zergling x10  
  73  15:56  Zergling x32  
  92  16:16  Zergling x14  
  98  16:26  Queen  
  98  16:31  Overlord x3  
  100  16:44  Mutalisk x4  
  100  16:45  Mutalisk x2  
  112  16:49  Mutalisk, Drone x2  
  116  16:57  Baneling x12  
  116  16:58  Baneling x17  
  116  17:03  Mutalisk  
  116  17:04  Mutalisk x14  
  116  17:05  Mutalisk  
  148  17:15  Mutalisk x5  
  113  17:44  Mutalisk  
  113  17:45  Mutalisk  
  117  18:02  Mutalisk x2  
  117  18:04  Zergling x6  
  117  18:05  Zergling x28  
  138  18:22  Zergling x2  
  138  18:23  Zergling x14  
  145  18:33  Zergling x10  
  92  19:00  Zergling x2  
  92  19:01  Zergling x18  
  76  19:06  Mutalisk, Zergling x2  
  76  19:07  Mutalisk, Zergling x4  
  81  19:12  Baneling  
  81  19:13  Baneling x7  
  69  19:36  Zergling x2  
  69  19:37  Zergling x28  
  79  19:45  Zergling x2  
  76  20:14  Baneling  
  76  20:15  Baneling x13  
  76  20:17  Zergling x2  
  76  20:18  Zergling x8  
  81  20:38  Zergling x2  
  81  20:39  Zergling x20  
  92  20:54  Zergling x6  
  92  20:55  Zergling x2  
Tags
 
Add a new tag
Caveats
  • Supply blocks, unpowered buildings, or Contaminate may cause inaccurate times.
  • Supply counts are checked every 10 seconds.